Map: 브리지헤드 - 래더

Players

Maro - Winner!

  • Race: Terran Terran
  • League: Master
  • Spawn Location: 3:00

Damrud

  • Race: Zerg Zerg
  • League: Master
  • Spawn Location: 9:00

VOD

Have the link to the VOD?

Description

Time

  • Played on: Dec. 25, 2021, 9:23 a.m.
  • Length: 7:32
Show
View Real Time Build Order
Export as new Build Order

Maro Terran - Winner!

Build Orders: Reaper Expand 

Get SALT Encoding   

  12  0:00  SCV  
  13  0:12  SCV  
  14  0:17  Supply Depot  
  14  0:24  SCV  
  15  0:39  SCV  
  15  0:40  Barracks  
  16  0:45  Refinery  
  16  0:51  SCV  
  17  1:03  SCV  
  18  1:15  SCV  
  19  1:27  Reaper, Orbital Command  
  20  1:43  Command Center  
  20  1:50  Supply Depot  
  20  1:55  SCV  
  20  1:59  Marine  
  22  2:07  SCV  
  23  2:12  Factory  
  23  2:17  Refinery  
  23  2:22  Barracks Reactor  
  23  2:23  SCV  
  24  2:35  SCV  
  25  2:48  SCV  
  26  2:55  Orbital Command  
  26  2:56  Starport  
  26  3:01  SCV  
  26  3:05  Hellion x2  
  31  3:08  Barracks Tech Lab  
  31  3:13  SCV  
  32  3:21  SCV  
  32  3:26  Hellion  
  37  3:27  Hellion  
  37  3:31  SCV  
  37  3:33  Viking, SCV  
  41  3:38  Marine  
  41  3:40  Stimpack  
  42  3:45  SCV x2  
  44  3:49  Supply Depot  
  44  3:53  Hellion  
  46  4:03  Liberator, Marine, Hellion  
  46  4:08  SCV x2  
  54  4:11  Supply Depot  
  54  4:19  Barracks  
  54  4:25  Barracks  
  54  4:30  Marine  
  56  4:31  SCV x2  
  56  4:36  Supply Depot  
  56  4:37  Factory Reactor  
  57  4:43  SCV x2  
  59  4:48  Marine  
  60  4:55  Engineering Bay, SCV x2  
  60  4:59  Starport Reactor  
  62  5:01  Refinery  
  62  5:04  Supply Depot  
  62  5:06  Marine  
  63  5:07  SCV x2  
  65  5:18  Barracks  
  65  5:19  SCV x2  
  65  5:21  Factory Tech Lab, Barracks  
  67  5:23  Marine x2  
  67  5:24  Marine x2  
  67  5:25  Marine  
  72  5:33  SCV x2  
  70  5:38  Medivac x2  
  74  5:47  Supply Depot  
  74  5:50  Combat Shield  
  74  5:52  Siege Tank  
  74  5:55  Marine x2  
  74  5:56  Marine  
  80  5:57  Marine x2  
  82  6:05  Refinery  
  82  6:08  Supply Depot  
  82  6:09  Supply Depot  
  82  6:16  Barracks Reactor  
  82  6:17  Barracks Reactor  
  82  6:18  Marine x3  
  82  6:20  Marine  
  82  6:21  Marine  
  82  6:24  Siege Tank  
  90  6:29  Medivac  
  90  6:30  Supply Depot  
  92  6:33  SCV  
  92  6:37  Supply Depot  
  93  6:41  Marine x4  
  93  6:43  Marauder  
  99  6:52  Marine  
  98  6:56  Siege Tank  
  98  6:58  Marine  
  98  6:59  Marine x5  
  97  7:04  Marauder  
  101  7:12  Marine x2  
  97  7:25  Missile Turret  
  97  7:27  Missile Turret, Supply Depot  
Show
View Real Time Build Order
Export as new Build Order

Damrud Zerg 

Build Orders: Hatch First 

Get SALT Encoding   

  12  0:00  Drone  
  13  0:13  Overlord  
  13  0:17  Drone  
  14  0:31  Drone x2  
  14  0:35  Drone  
  17  0:52  Hatchery  
  17  0:55  Drone  
  17  0:58  Drone  
  18  1:08  Extractor  
  17  1:13  Spawning Pool  
  17  1:16  Drone  
  17  1:20  Drone  
  18  1:28  Drone  
  19  1:39  Overlord  
  19  1:51  Drone  
  20  2:00  Queen  
  22  2:01  Zergling x2  
  22  2:03  Queen  
  22  2:04  Zergling x2  
  26  2:10  Metabolic Boost  
  26  2:28  Hatchery  
  25  2:30  Drone  
  25  2:34  Drone x2  
  28  2:43  Queen  
  29  2:49  Drone x2  
  31  2:54  Overlord  
  31  2:57  Drone  
  32  3:01  Drone  
  32  3:03  Drone  
  32  3:05  Drone  
  35  3:18  Queen  
  37  3:26  Drone x3  
  37  3:27  Drone x3  
  42  3:34  Overlord  
  43  3:45  Extractor  
  41  3:48  Zergling x2  
  41  3:49  Zergling x10  
  41  3:50  Baneling Nest  
  41  3:51  Queen  
  48  3:59  Queen  
  48  4:01  Overlord  
  50  4:03  Drone  
  50  4:04  Drone  
  50  4:07  Drone  
  53  4:18  Overlord  
  53  4:21  Drone x6  
  59  4:34  Lair  
  59  4:36  Overlord x2  
  59  4:39  Drone  
  59  4:40  Zergling x8  
  64  4:48  Overlord  
  64  4:55  Baneling x4  
  64  4:59  Drone  
  65  5:01  Drone x3, Extractor  
  65  5:04  Drone  
  65  5:05  Drone x3, Extractor  
  70  5:08  Overlord  
  70  5:09  Drone x4  
  70  5:10  Drone  
  75  5:16  Drone x2  
  77  5:32  Centrifugal Hooks  
  71  5:45  Drone x7  
  71  5:46  Drone x2  
  79  5:55  Overlord  
  79  5:58  Zergling x8  
  83  6:06  Evolution Chamber  
  83  6:10  Evolution Chamber  
  81  6:16  Drone x2  
  81  6:17  Drone  
  84  6:19  Hatchery  
  84  6:22  Drone x3, Extractor  
  84  6:23  Drone x3, Extractor  
  84  6:24  Zergling x4  
  89  6:31  Overlord  
  89  6:33  Baneling x3  
  88  6:50  Zergling x24  
  97  7:01  Zergling x6  
  99  7:11  Zergling x2  
  99  7:12  Zergling x8  
Tags
 
Add a new tag
Caveats
  • Supply blocks, unpowered buildings, or Contaminate may cause inaccurate times.
  • Supply counts are checked every 10 seconds.